 Dungeon Crawl Stone Soup version 0.28.0 (webtiles) character file.

Game seed: 1411576308888795339

128 croobank the Covert (level 4, -2/21 HPs)
             Began as a Felid Delver on Feb 18, 2022.
             Slain by an iguana (14 damage)
             ... on level 4 of the Dungeon.
             The game lasted 00:17:12 (4264 turns).

croobank the Covert (Felid Delver)                  Turns: 4264, Time: 00:17:13

Health: -2/21      AC:  1    Str: 10    XL:     4   Next: 86%
Magic:  0/5        EV: 17    Int: 18    God:
Gold:   79         SH:  0    Dex: 17    Spells: 2/3 levels left
                                        Lives:  0   Deaths: 1

rFire   . . .      SeeInvis +     - Unarmed
rCold   . . .      Faith    .   (shield unavailable)
rNeg    . . .      Spirit   .   (armour unavailable)
rPois   .          Reflect  .   (helmet unavailable)
rElec   .          Harm     .   (cloak unavailable)
rCorr   .          Rampage  .   (gloves unavailable)
Will    .....                   (boots unavailable)
Stlth   +++++.....              (no amulet)
HPRegen 0.07/turn               c - +6 ring of intelligence
MPRegen 0.09/turn               (no ring)

@: very slightly contaminated, quick
A: very small, claws 1, fangs 3, see invisible, speed 1, shaggy fur 1, stealthy
paws, no weapons or thrown items, no armour, multi-lived
a: no special abilities


You were on level 4 of the Dungeon.
You visited 1 branch of the dungeon, and saw 5 of its levels.

You collected 79 gold pieces.

Inventory:

Jewellery
 c - a +6 ring of intelligence (left paw)
Wands
 e - a wand of digging (3)
Scrolls
 a - a scroll of fog
 b - a scroll of enchant weapon {unknown}
 f - a scroll of identify {unknown}
 h - a scroll of amnesia {unknown}
 i - a scroll of teleportation {unknown}
 k - a scroll of fear
Potions
 d - a potion of haste
 g - a potion of mutation {unknown}
 j - 2 potions of heal wounds {unknown}


   Skills:
 - Level 3.0 Fighting
 - Level 2.8 Dodging
 + Level 10.4 Stealth
 - Level 2.0 Unarmed Combat


You had 2 spell levels left.
You knew the following spells:

 Your Spells              Type           Power      Damage    Failure   Level
a - Magic Dart            Conj           0%         1d3       22%         1

Your spell library contained the following spells:

 Spells                   Type           Power      Damage    Failure   Level
 Shock                    Conj/Air       0%         1d3       22%         1
 Call Imp                 Summ           0%         N/A       32%         2
 Mephitic Cloud           Conj/Pois/Air  0%         N/A       54%         3
 Swiftness                Air            0%         N/A       54%         3
 Airstrike                Air            0%         N/A       91%         4


Dungeon Overview and Level Annotations

Branches:
Dungeon (5/15)
 Temple: D:4-7

Altars:
Makhleb


Innate Abilities, Weirdness & Mutations

You have sharp claws.
You have razor-sharp teeth.
You have supernaturally acute eyesight. (SInv)
You cover ground quickly. (Speed+)
You are covered in fur. (AC +1)
Your paws help you pounce on unaware monsters.
You are incapable of wielding weapons or throwing items.
You cannot wear armour.
You gain extra lives every three experience levels.


Message History

Aim: an iguana (lightly wounded, 100% to hit)
The magic dart hits the iguana but does no damage.
The iguana is lightly wounded.
Casting: Magic Dart (safe; 22% risk of failure)
Confirm with . or Enter, or press ? or * to list all spells.
Aiming: Magic Dart (safe; 22% risk of failure)
Press: ? - help, Shift-Dir - straight line, f/p - iguana
Aim: an iguana (lightly wounded, 100% to hit)
The magic dart hits the iguana but does no damage.
The iguana is lightly wounded.
Casting: Magic Dart (safe; 22% risk of failure)
Confirm with . or Enter, or press ? or * to list all spells.
Aiming: Magic Dart (safe; 22% risk of failure)
Press: ? - help, Shift-Dir - straight line, f/p - iguana
Aim: an iguana (lightly wounded, 100% to hit)
The magic dart hits the iguana but does no damage.
The iguana is lightly wounded.
Casting: Magic Dart (safe; 22% risk of failure)
Confirm with . or Enter, or press ? or * to list all spells.
Aiming: Magic Dart (safe; 22% risk of failure)
Press: ? - help, Shift-Dir - straight line, f/p - iguana
Aim: an iguana (lightly wounded, 100% to hit)
The magic dart hits the iguana.
The iguana is lightly wounded.
Casting: Magic Dart (safe; 22% risk of failure)
Confirm with . or Enter, or press ? or * to list all spells.
Aiming: Magic Dart (safe; 22% risk of failure)
Press: ? - help, Shift-Dir - straight line, f/p - iguana
Aim: an iguana (lightly wounded, 100% to hit)
You miscast Magic Dart.
You are very lightly contaminated with residual magic.
Nothing appears to happen.
You barely miss the iguana.
The iguana is lightly wounded.
The iguana misses you.
You claw the iguana!
The iguana is heavily wounded.
The iguana bites you!
Ouch! That really hurt!
You die...

#...#............
#..............
#...#............
#.............. #
..#...l....####+##.##..#....(..
#
#.#####÷...##...##.############
###.##.##....##.......# #......
........†.............# #......
......................# #......
......................# #......
###....##....##l@....## #......
#....##....######### #......
#.............# ##.....
#.............# ##'####
#.............# #...... ##.....
#...... #...... #######


You could see an iguana.

Vanquished Creatures
  2 hounds
  5 adders
  An adder skeleton (D:4)
  4 worms
  3 dart slugs
  4 orcs (D:4)
  9 ball pythons
  11 endoplasms
  3 giant cockroaches
  7 goblins
  9 hobgoblins
  2 jackals (D:1)
  3 quokkas
  8 bats
  7 frilled lizards
  4 kobolds (D:1)
  6 rats
88 creatures vanquished.

Vanquished Creatures (others)
  10 plants (D:3)
10 creatures vanquished.

Grand Total: 98 creatures vanquished

Notes
Turn   | Place    | Note
-------+----------+-------------------------------------------
     0 | D:5      | croobank the Felid Delver began the quest for the Orb.
     0 | D:5      | Reached XP level 1. HP: 10/10 MP: 2/2
     3 | D:5      | Noticed a scorpion
   409 | D:2      | Reached skill level 7 in Stealth
   425 | D:1      | Reached XP level 2. HP: 14/14 MP: 3/3
   938 | D:1      | Reached XP level 3. HP: 11/17 MP: 4/4
  1187 | D:1      | Reached skill level 8 in Stealth
  1997 | D:2      | Reached XP level 4. HP: 21/21 MP: 5/5
  2237 | D:2      | Reached skill level 9 in Stealth
  2278 | D:2      | Found a burning altar of Makhleb.
  2667 | D:3      | Learned a level 1 spell: Magic Dart
  2739 | D:3      | Reached XP level 5. HP: 17/24 MP: 4/6
  3474 | D:4      | Noticed an ogre
  3570 | D:4      | Reached skill level 10 in Stealth
  3928 | D:4      | Slain by an iguana
  3929 | D:4      | Reached XP level 4. HP: 0/21 MP: 3/5
  4264 | D:4      | Slain by an iguana

Illustrated notes

Levels and vault maps discovered:
D:1:      dpeg_arrival_morbid_curiosity, layout_loops_corners
D:2:      layout_loops_ring, basic_altar
D:3:      layout_loops_ring, serial_forest, infiniplex_forest_clump_double,
          infiniplex_forest_end_2, infiniplex_forest_lined_2,
          infiniplex_forest_clump_curved, infiniplex_forest_lined_3,
          infiniplex_forest_corner_1, infiniplex_forest_3_way
D:4:      layout_gridville, yredelemnul_altar_generic
D:5:      layout_loops_ring

Skill      XL: |  1  2  3  4  5 |
---------------+----------------+-----
Stealth        | 7 8 9 10 | 10.4
Fighting       | |  3.0
Dodging        | |  2.8
Unarmed Combat | |  2.0

Action                   |  1- 3 |  4- 6 || total
-------------------------+-------+-------++-------
Melee: Unarmed           |   119 |   110 ||   229
       Bite              |    10 |    11 ||    21
       Punch             |     1 |     1 ||     2
 Cast: Magic Dart        |       |     8 ||     8
  Use: Scroll            |     2 |       ||     2
       Potion            |       |     1 ||     1
 Stab: Sleeping          |    21 |    15 ||    36
       Distracted        |       |     1 ||     1
Armor: Skin              |     3 |     3 ||     6
Dodge: Dodged            |    68 |    68 ||   136
